 Dungeon Crawl Stone Soup version 0.20-a0-350-ga83eecc (console) character file.

266 HarryHood the Skirmisher (level 6, -6/41 HPs)
             Began as a Gargoyle Berserker on Dec 22, 2016.
             Was a Believer of Trog.
             Killed by divine providence
             ... invoked by an orc priest
              (9 damage)
             ... on level 4 of the Dungeon on Dec 23, 2016.
             The game lasted 00:12:06 (3171 turns).

HarryHood the Skirmisher (Gargoyle Berserker)       Turns: 3171, Time: 00:12:06

Health: -6/41      AC: 15    Str: 26    XL:     6   Next: 20%
Magic:  6/6        EV:  9    Int:  2    God:    Trog [**....]
Gold:   225        SH:  0    Dex: 11    Spells: 5/5 levels left

rFire  + . .     SeeInvis .     a - +0 mace
rCold  x . .     Gourm    .     k - +0 chain mail
rNeg   + . .     Faith    .     (no shield)
rPois  ∞         Spirit   .     (no helmet)
rElec  +         Reflect  .     (no cloak)
rCorr  .         Harm     .     q - +1 pair of gloves
MR     .....                    (no boots)
Stlth  ..........               (no amulet)
                                b - -5 ring of intelligence (curse)
                                n - ring of fire

@: mighty
A: negative energy resistance 1, electricity resistance, unbreathing,
petrification resistance, rot immunity, AC +4
a: Berserk, Trog's Hand, Burn Spellbooks, Renounce Religion


You were on level 4 of the Dungeon.
You worshipped Trog.
Trog was pleased with you.
You were not hungry.

You visited 1 branch of the dungeon, and saw 4 of its levels.

You collected 225 gold pieces.

Inventory:

Hand Weapons
 a - a +0 mace (weapon)
Armour
 k - a +0 chain mail (worn)
 q - a +1 pair of gloves (worn)
Jewellery
 b - a cursed -5 ring of intelligence (right hand)
 n - a ring of fire (left hand)
Wands
 j - a wand of slowing (33/48)
Scrolls
 d - a scroll of identify
 e - a scroll of fog
 l - a scroll of remove curse {unknown}
 o - a scroll of magic mapping
Potions
 i - a potion of might
 p - 3 potions of curing {unknown}
Comestibles
 c - 2 bread rations {@e1}
 f - a meat ration {@e3}
 g - 4 fruits {@e2}
 m - a beef jerky


   Skills:
 - Level 6.2 Fighting
 * Level 4.7 Maces & Flails
 - Level 2.1 Armour
 - Level 1.5 Dodging


You had 5 spell levels left.
You didn't know any spells.

Dungeon Overview and Level Annotations

Branches:
Dungeon (4/15)
 Temple: D:4-7

Altars:
Makhleb
Zin


Innate Abilities, Weirdness & Mutations

You are resistant to torment.
Your stone body is resilient. (AC +4)
You are immune to poison.
You resist negative energy. (rN+)
You are resistant to electric shocks. (rElec)
You can survive without breathing.
You are immune to petrification.
You are immune to rotting.


Message History

Beogh smites you!
You are too injured to fight recklessly!
You are too injured to fight recklessly!
You are too injured to fight recklessly!
You are too injured to fight recklessly!
You hit the orc.
The orc is almost dead.
The orc barely misses you.
The orc priest invokes the aid of Beogh against you.
Beogh smites you!
* * * LOW HITPOINT WARNING * * *
All of the chunks of flesh in your inventory have rotted away.
You feel very mighty all of a sudden. The orc hits you but does no damage.
You bludgeon the orc!!
You kill the orc!
Trog accepts your kill.
The orc priest invokes the aid of Beogh against you.
Beogh smites you!
You die...

##################
#.................
#.###############.
#@# #.. ########)#
#.. ........o#
####..
####........o..
###..... .#
#.###...o..o
........
######.### #
#..##.## ###.....
.......... ...# #
####.. .####..###
#.## #..
.#.......# #.# #..


You could see an orc priest.

Vanquished Creatures
  An ogre (D:4)
  A bullfrog skeleton (D:3)
  2 orc wizards (D:3)
  3 adders
  3 dart slugs
  A leopard gecko (D:1)
  11 orcs
  2 ball pythons
  3 giant cockroaches
  6 goblins
  3 hobgoblins
  2 jackals (D:3)
  A quokka (D:4)
  3 bats
  6 frilled lizards
  A jackal skeleton (D:4)
  4 kobolds
  6 rats
59 creatures vanquished.

Notes
Turn   | Place    | Note
-------+----------+-------------------------------------------
     0 | D:1      | HarryHood the Gargoyle Berserker began the quest for the Orb.
     0 | D:1      | Reached XP level 1. HP: 14/14 MP: 1/1
   311 | D:1      | Reached XP level 2. HP: 20/20 MP: 2/2
   515 | D:1      | Reached skill level 4 in Fighting
  1141 | D:2      | Reached XP level 3. HP: 5/24 MP: 3/3
  1617 | D:2      | Upgraded the game from 0.20-a0-336-g7b05759 to 0.20-a0-350-ga83eecc
  1675 | D:3      | Reached skill level 5 in Fighting
  1756 | D:3      | Reached ** piety under Trog
  1810 | D:3      | Reached XP level 4. HP: 28/31 MP: 4/4
  1981 | D:3      | Found a burning altar of Makhleb.
  1984 | D:3      | Found a glowing silver altar of Zin.
  1984 | D:3      | Noticed an angel
  1985 | D:3      | Noticed a balrug
  2109 | D:3      | Found a faded altar of an unknown god.
  2248 | D:3      | Reached skill level 6 in Fighting
  2248 | D:3      | Reached XP level 5. HP: 26/36 MP: 5/5
  2563 | D:4      | Noticed an ogre
  2805 | D:4      | Killed an ogre
  2805 | D:4      | Reached XP level 6. HP: 41/41 MP: 6/6
  3171 | D:4      | Killed from afar by an orc priest

Vault maps used:
D:1:      eino_arrival_cavern_a, serial_co_window_serial,
          co_window_of_opportunity_a, co_window_cross_1, co_window_paths_a,
          co_window_corner_a, co_window_corner_a, co_window_of_opportunity_a,
          co_window_of_opportunity_c, co_window_paths_c, co_window_corner_b,
          co_window_broadway_b, co_window_paths_c, glass_columns_a,
          glass_columns_b, glass_columns_b
D:3:      grunt_temple_overflow_order_and_chaos_2,
          chequers_ecumenical_altar_grove

Skill      XL: |  1  2  3  4  5 |
---------------+----------------+-----
Fighting       | 4 5 6 |  6.2
Maces & Flails | 4 |  4.7
Armour         | |  2.1
Dodging        | |  1.5

Action                   |  1- 3 |  4- 6 || total
-------------------------+-------+-------++-------
Melee: Mace              |   133 |   119 ||   252
Invok: Berserk           |     1 |     1 ||     2
  Use: Scroll            |     7 |     4 ||    11
       Potion            |       |     1 ||     1
 Stab: Sleeping          |     1 |       ||     1
  Eat: Chunk             |     3 |     6 ||     9
Armor: Animal skin       |    36 |       ||    36
       Chain mail        |       |    81 ||    81
Dodge: Dodged            |   112 |    51 ||   163
